cohdb
Replays
Latest Replays
All Replays
Popular Replays
Top Player Replays
Match Explorer
How It Works
Community
CoH3 Stats
Reddit
Sign in to upload your games and track your stats! →
Sign in with Steam
Match 43868656
Unlisted
Match 43868656
Overview
Messages
Build Orders
End
Panzergrenadier Squad
Selects Italian Combined Arms Battlegroup
Selects Bersaglieri Squad
Bersaglieri Squad
Bersaglieri Squad
Construct Light Support Kompanie
2.5-tonne Medical Truck
Combat Half-tracks
Selects Bersaglieri Bolster
Fire Support Elements
Flakvierling Half-track
Selects Breda Model 30 Light Machine Guns
Assault Mechanized Group
250 Light Carrier
Construct Panzerarmee Kommand
Selects Semovente da 75/18 Assault Gun
Selects Carro Armato M13/40 Light Tank
BananaJoe
Lilfuture
solowolf
BMon
0
0
Comments
sign in to comment!
No comments posted yet!